 Dungeon Crawl Stone Soup version 0.29-a0-330-g52719c12eb (webtiles) character file.

Game seed: 15563486995526616556

7506 kae the Arsonist (level 10, -10/118 HPs)
             Began as a Demigod Fire Elementalist on Apr 23, 2022.
             Mangled by an ice beast (13 damage)
             ... summoned by Fannar
             ... on level 10 of the Dungeon.
             The game lasted 00:09:45 (14620 turns).

kae the Arsonist (Demigod Fire Elementalist)       Turns: 14620, Time: 00:09:46

Health: -10/118    AC: 13    Str:  9    XL:     10   Next: 64%
Magic:  26/26      EV: 12    Int: 29    God:
Gold:   598        SH:  0    Dex: 14    Spells: 12/25 levels left

rFire   . . .      SeeInvis .   g - +9 falchion (chaos)
rCold   . . .      Faith    .   (no shield)
rNeg    . . .      Spirit   .   D - +0 steam dragon scales
rPois   .          Reflect  .   w - +0 helmet
rElec   .          Harm     .   l - +2 cloak {Stlth+}
rCorr   .          Rampage  .   (no gloves)
Will    +....                   (no boots)
Stlth   ..........              F - amulet of magic regeneration
HPRegen 0.29/turn               n - +4 ring of protection
MPRegen 0.60/turn               (no ring)

@: berserking, very quick
A: high MP 1, forlorn, divine attributes
a: no special abilities


You were on level 10 of the Dungeon.
You visited 2 branches of the dungeon, and saw 11 of its levels.
You also visited: Sewer and Ossuary.

You collected 598 gold pieces.

Inventory:

Hand Weapons
 g - a +9 falchion of chaos (weapon)
Missiles
 o - 3 throwing nets
Armour
 l - a +2 cloak of stealth (worn)
 v - the +1 robe "Heyw" {rN++}
   (You found it in a sewer)

   rN:        It greatly protects you from negative energy.
 w - a +0 helmet (worn)
 D - +0 steam dragon scales (worn)
Jewellery
 n - a +4 ring of protection (left hand)
 F - an amulet of magic regeneration (around neck)
Wands
 j - a wand of iceblast (4)
 q - a wand of flame (29)
 A - a wand of acid (6)
 G - a wand of digging (8)
Scrolls
 c - 3 scrolls of fog
 h - a scroll of magic mapping
 k - 3 scrolls of immolation
 y - 3 scrolls of identify
 z - a scroll of silence
 E - 2 scrolls of enchant weapon
Potions
 a - 2 potions of mutation
 b - 3 potions of magic
 d - 3 potions of berserk rage
 e - 2 potions of haste
 f - 2 potions of flight
 i - 4 potions of lignification
 m - 3 potions of might
 p - 6 potions of curing
 r - a potion of brilliance
 t - 5 potions of degeneration
 u - a potion of cancellation {unknown}
 x - 2 potions of experience {unknown}
 B - a potion of invisibility {unknown}
 C - a potion of attraction {unknown}


   Skills:
 + Level 4.2 Fighting
 - Level 1.7 Dodging
 - Level 1.7 Stealth
 - Level 8.0 Spellcasting
 - Level 9.0 Conjurations
 - Level 9.0 Fire Magic


You had 12 spell levels left.
You knew the following spells:

 Your Spells              Type           Power      Damage    Failure   Level
a - Foxfire               Conj/Fire      100%       2x1d9     1%          1
b - Scorch                Fire           100%       2d10      1%          2
c - Conjure Flame         Conj/Fire      59%        6-21      1%          3
d - Inner Flame           Hex/Fire       37%        N/A       2%          3
e - Flame Wave            Conj/Fire      59%        2d11      1%          4

Your spell library contained the following spells:

 Spells                   Type           Power      Damage    Failure   Level
 Magic Dart               Conj           100%       1d8       1%          1
 Animate Skeleton         Necr           22%        N/A       4%          1
 Apportation              Tloc           22%        N/A       4%          1
 Freeze                   Ice            44%        1d6       4%          1
 Summon Small Mammal      Summ           44%        N/A       4%          1
 Mephitic Cloud           Conj/Pois/Air  29%        N/A       4%          3
 Call Imp                 Summ           11%        N/A       7%          2
 Hailstorm                Conj/Ice       37%        3d9       7%          4
 Frozen Ramparts          Ice            22%        1d4       14%         3
 Summon Guardian Golem    Hex/Summ       11%        N/A       14%         3
 Lightning Bolt           Conj/Air       18%        1d33      21%         5
 Airstrike                Air            5%         N/A       41%         4
 Summon Lightning Spire   Summ/Air       11%        N/A       41%         4
 Orb of Destruction       Conj           29%        9d9       67%         7
 Spellforged Servitor     Conj/Summ      18%        N/A       99%         7
 Summon Cactus Giant      Summ           5%         N/A       100%        6


Dungeon Overview and Level Annotations

Branches:
Dungeon (10/15)            Temple (1/1) D:6            Lair (0/6) D:8
  Sewer (visited)         Ossuary (visited)
    Orc: D:9-12

Shops:
D:6 [

Annotations:
D:2 Sigmund
D:8 Pikel
D:10 Fannar


Innate Abilities, Weirdness & Mutations

You have an increased reservoir of magic. (+10% MP)
You shall have no god before yourself.
Your divine heritage dramatically boosts your attributes as you level up.


Message History

Fannar is moderately wounded.
The foxfire hits Fannar but does no damage.
Fannar is moderately wounded.
Casting: Foxfire (safe; 1% risk of failure)
Confirm with . or Enter, or press ? or * to list all spells.
Casting: Flame Wave (dangerous; 1% risk of failure)
Press: ? - help, Dir - look around, f - activate A wave of flame ripples out!
The flame wave engulfs Fannar.
Fannar is moderately wounded. (Press . to intensify the flame waves.) Fannar hits you but does no damage.
Fannar freezes you.
* * * LOW HITPOINT WARNING * * *
Okay, then.
You feel much better. Fannar hits you with a staff of cold. Fannar freezes you!
* * * LOW HITPOINT WARNING * * *
A red film seems to cover your vision as you go berserk!
You feel yourself moving faster!
You feel mighty!
Fannar casts a spell.
You slash Fannar!
Fannar is heavily wounded.
Fannar hits you with a staff of cold.
* * * LOW HITPOINT WARNING * * *
Fannar freezes you!
* * * LOW HITPOINT WARNING * * *
You hit Fannar.
Fannar is poisoned.
You punch Fannar.
Fannar is severely wounded.
You hit the ice beast.
The ice beast is moderately wounded.
The ice beast blinks!
The ice beast hits you but does no damage.
Fannar drinks a potion.
Fannar is healed!
Fannar looks more healthy.
The ice beast hits you but does no damage.
You hit Fannar. You burn Fannar. Your punch misses Fannar.
Fannar is heavily wounded.
Fannar hits you but does no damage. Fannar freezes you.
* * * LOW HITPOINT WARNING * * *
The ice beast hits you.
* * * LOW HITPOINT WARNING * * *
The ice beast freezes you!
You die...

#.#.# ##### #.#.#
#.....#
####.#.#####.###.#
..##.#.........#.#
............>#.#.#
#.##.........#.#.#
#.#######.##.#.#Y#
..#............#e#
(..[.......#####@####
...............Y....#
..#......#.###.####.#
..##...........# #.#
.........#.###.####.#
...........# #......#
.........#####.######
.).......# #......#
.).......# #.#[##.#


You could see Fannar and 2 ice beasts.

Vanquished Creatures
  Erica (D:9)
  A troll (D:9)
  2 slime creatures (D:7)
  A vampire (D:10)
  3 yaks (D:7)
  2 wyverns (D:8)
  A steam dragon (D:8)
  4 water moccasins
  5 ice beasts
  5 orc warriors
  A sky beast (D:6)
  4 black bears
  3 centaurs
  3 ogres
  A lemure (D:8)
  3 kobold brigands
  3 elf zombies
  2 gnoll sergeants
  2 bullfrogs (D:8)
  3 necrophages
  An elf skeleton (D:5)
  2 scorpions
  11 killer bees
  4 howler monkeys
  6 jellies
  2 hounds (D:6)
  4 human zombies
  4 orc priests
  An iron imp (D:7)
  3 iguanas
  5 orc wizards
  4 mummies (Ossuary)
  9 gnolls
  11 adders
  3 river rats (Sewer)
  A white imp (D:7)
  4 dart slugs
  24 orcs
  11 ball pythons
  12 endoplasms
  3 giant cockroaches
  11 goblins
  7 hobgoblins
  2 jackals (D:1)
  10 quokkas
  6 bats
  4 frilled lizards
  A gnoll zombie (Ossuary)
  A goblin zombie (Ossuary)
  2 hobgoblin zombies (Ossuary)
  A jackal zombie (Ossuary)
  38 kobolds
  A kobold zombie (Ossuary)
  3 orc skeletons (D:5)
  27 rats
  A rat zombie (Ossuary)
290 creatures vanquished.

Vanquished Creatures (collateral kills)
  A foxfire (D:7)
1 creature vanquished.

Vanquished Creatures (others)
  Maurice (D:8)
  699 foxfires
  9 fungi (D:7)
  2 plants (D:7)
  4 toadstools (D:7)
715 creatures vanquished.

Grand Total: 1006 creatures vanquished

Notes
Turn   | Place    | Note
-------+----------+-------------------------------------------
     0 | D:1      | kae the Demigod Fire Elementalist began the quest for the
                  | Orb.
     0 | D:1      | Reached XP level 1. HP: 14/14 MP: 5/5
    71 | D:1      | Reached skill level 1 in Conjurations
   335 | D:1      | Reached XP level 2. HP: 19/20 MP: 4/7
   639 | D:1      | Learned a level 2 spell: Scorch
  1400 | D:1      | Reached XP level 3. HP: 26/26 MP: 6/9
  1404 | D:1      | Learned a level 3 spell: Conjure Flame
  1967 | D:2      | Noticed Sigmund
  2557 | D:3      | Noticed an ice beast
  2578 | D:2      | Killed an ice beast
  2579 | D:2      | Reached XP level 4. HP: 9/33 MP: 1/11
  2579 | D:2      | Reached XP level 5. HP: 10/38 MP: 1/12
  3990 | D:4      | Reached XP level 6. HP: 44/45 MP: 5/14
  4688 | D:5      | Entered Level 5 of the Dungeon
  4789 | D:5      | Found a sand-covered staircase.
  4891 | Ossuary  | Entered an ossuary
  4920 | Ossuary  | Reached XP level 7. HP: 35/50 MP: 16/16
  4922 | Ossuary  | Reached skill level 5 in Fire Magic
  5384 | D:5      | Identified a scroll of acquirement
  5384 | D:5      | Acquired a +2 cloak of stealth
  5558 | D:5      | Reached skill level 5 in Conjurations
  5812 | D:5      | Reached skill level 5 in Spellcasting
  5812 | D:5      | Reached XP level 8. HP: 51/57 MP: 8/19
  6685 | D:6      | Found Lergh's Armour Shop.
  6710 | D:6      | Found a staircase to the Ecumenical Temple.
  6920 | D:6      | Found a glowing drain.
  7033 | Sewer    | Entered a sewer
  7269 | Sewer    | Learned a level 4 spell: Flame Wave
  7273 | Sewer    | Learned a level 3 spell: Inner Flame
  7530 | Sewer    | Identified the +1 robe "Heyw" {rN++}
  8007 | D:6      | Reached XP level 9. HP: 32/62 MP: 13/22
  9295 | Temple   | Entered the Ecumenical Temple
 10602 | D:8      | Noticed Maurice
 10619 | D:8      | Killed Maurice
 10749 | D:8      | Found a staircase to the Lair.
 11001 | D:8      | Noticed Pikel
 11154 | D:8      | Reached XP level 10. HP: 69/69 MP: 22/25
 13075 | D:9      | Noticed Erica
 13221 | D:9      | Noticed a +0 spear
 13221 | D:9      | Noticed a +0 short sword
 13238 | D:9      | Noticed a +0 short sword
 13239 | D:9      | Noticed a +0 dagger
 13239 | D:9      | Noticed a +0 falchion
 13239 | D:9      | Noticed a +0 falchion
 13240 | D:9      | Noticed a +0 dagger
 13241 | D:9      | Noticed a +0 spear
 13272 | D:9      | Killed Erica
 14014 | D:10     | Entered Level 10 of the Dungeon
 14601 | D:10     | Noticed Fannar
 14616 | D:10     | HP: 5/118 [Fannar/staff of cold (14)]
 14620 | D:10     | Mangled by an ice beast

Illustrated notes

Levels and vault maps discovered:
D:1:      lightli_arrival_windingriver, layout_basic
D:2:      layout_basic, ebering_ecumenical_altar_petrified,
          chequers_serial_rivers_large_a, chequers_serial_rivers_small_b,
          uniq_sigmund
D:3:      layout_basic
D:4:      layout_basic
D:5:      layout_rooms, nicolae_ossuary_entry_catacombs,
          nicolae_figureground_sparkle
D:6:      layout_basic, mainiacjoe_overflow_alcove_4, minmay_temple_entry_trees,
          serial_shops, shop_statue, portal_sewer_entry_f
D:7:      cheibrodos_fertilizer, layout_gridville, slow_altar_1,
          nicolae_hepliaklqana_hazy_memory, minivault_1
D:8:      kennysheep_spiral_hall, layout_gridville,
          mainiacjoe_overflow_brackets, mainiacjoe_overflow_small_starburst,
          lair_entry_dummy, uniq_pikel, uniq_maurice
D:9:      layout_basic, overflow_temple_1_default, nicolae_uskayaw_en_pointe,
          uniq_erica
D:10:     layout_basic, mainiacjoe_overflow_six_doors_small,
          serial_bayou_lake_a, uniq_fannar
Temple:   jpeg_temple_clearing

Skill      XL: |  1  2  3  4  5  6  7  8  9 10 |
---------------+-------------------------------+-----
Conjurations   | 1 2 3 4 5 6 8 9 |  9.0
Spellcasting   | 2 3 4 5 6 7 8 |  8.0
Fire Magic     | 3 4 5 7 8 9 |  9.0
Fighting       | 4 |  4.2
Dodging        | |  1.7
Stealth        | |  1.7

Action                   |  1- 3 |  4- 6 |  7- 9 | 10-12 || total
-------------------------+-------+-------+-------+-------++-------
Melee: Unarmed           |     4 |       |       |       ||     4
       Falchion          |    12 |    17 |    82 |    15 ||   126
       Punch             |       |       |     1 |     1 ||     2
 Cast: Foxfire           |    67 |    70 |   199 |    75 ||   411
       Scorch            |     8 |    19 |    68 |    37 ||   132
       Conjure Flame     |       |       |     9 |     1 ||    10
       Flame Wave        |       |       |     5 |    11 ||    16
       Inner Flame       |       |       |     1 |     2 ||     3
  Use: Scroll            |     1 |    10 |    21 |       ||    32
       Potion            |       |       |     1 |     4 ||     5
 Stab: Sleeping          |       |     1 |     3 |       ||     4
Armor: Robe              |    13 |    13 |   110 |     3 ||   139
       Steam dragon scal |       |       |       |    56 ||    56
Dodge: Dodged            |    40 |    29 |   154 |    62 ||   285

Table legend: (Time is in decaauts)
 A = Elapsed time spent in this place.
 B = Non-inter-level travel time spent in this place.
 C = Inter-level travel time spent in this place.
 D = Time resting spent in this place.
 E = Time spent auto-exploring this place.
 F = Levels seen in this place.
 G = Mean time per level.
                   A        B        C        D        E       F      G
               +--------+--------+--------+--------+--------+-----+--------+
         Total |  14717 |  14336 |    381 |   1128 |  10983 |  13 | 1132.1 |
       Dungeon |  13315 |  12934 |    381 |    994 |  10079 |  10 | 1331.5 |
        Temple |      1 |      1 |      0 |      0 |      0 |   1 |    1.0 |
         Sewer |    899 |    899 |      0 |      0 |    681 |   1 |  899.0 |
       Ossuary |    500 |    500 |      0 |    134 |    223 |   1 |  500.0 |
               +--------+--------+--------+--------+--------+-----+--------+

Top non-repeatable levels by time:
     D:8: 1943 daAuts
     D:6: 1578 daAuts
     D:7: 1555 daAuts
     D:1: 1489 daAuts
     D:9: 1488 daAuts
     D:5: 1465 daAuts
     D:2: 1339 daAuts
     D:3: 1078 daAuts
   Sewer: 899 daAuts
     D:4: 859 daAuts
    D:10: 518 daAuts
 Ossuary: 500 daAuts
  Temple: 1 daAuts
